Map: Alcyone LE

Players

A.I. 2 (Very Easy)

  • Race: Terran Terran

JanithoDeaKa

  • Race: Protoss Protoss
  • League: Diamond
  • Spawn Location: 7:00

Rescue

  • Race: Protoss Protoss
  • League: Grandmaster
  • Spawn Location: 1:00

VOD

Have the link to the VOD?

Description

Time

  • Played on: Nov. 18, 2023, 5:48 p.m.
  • Length: 9:22
Show
View Real Time Build Order
Export as new Build Order

A.I. 2 (Very Easy) Terran 

Build Orders:  

Get SALT Encoding   

Show
View Real Time Build Order
Export as new Build Order

JanithoDeaKa Protoss 

Build Orders:  

Get SALT Encoding   

  12  0:00  SCV  
  13  0:13  SCV  
  14  0:18  Supply Depot  
  14  0:37  Refinery  
  14  0:42  Barracks  
  14  1:05  Supply Depot  
  14  1:11  Refinery  
  14  1:29  Marine, SCV  
  16  1:41  SCV  
  17  1:53  SCV  
  18  2:02  Marine  
  18  2:05  SCV  
  20  2:18  SCV  
  21  2:30  SCV  
  21  2:35  Marine  
  23  2:43  Orbital Command  
  23  5:48  SCV  
  23  5:49  Marine  
  25  5:51  Supply Depot  
  25  5:53  Factory  
  25  6:13  SCV  
  25  6:17  Supply Depot  
  26  6:21  Barracks Tech Lab  
  26  6:25  SCV  
  27  6:37  SCV  
  27  6:39  Marauder  
  30  6:40  Starport  
  27  6:49  SCV  
  27  6:52  Command Center  
  28  7:11  Marine  
  29  7:17  Starport Tech Lab  
  29  7:36  Raven  
  31  7:43  Marine  
  32  8:05  SCV  
  33  8:10  Raven  
  33  8:12  SCV  
  36  8:15  Marine, Refinery  
  36  8:18  Refinery  
  36  8:19  SCV  
  38  8:26  SCV  
  39  8:33  SCV  
  40  8:41  SCV  
  41  8:48  SCV  
  42  8:55  SCV  
  43  9:02  SCV  
  44  9:09  SCV  
Show
View Real Time Build Order
Export as new Build Order

Rescue Protoss 

Build Orders: Phoenix Opening, Mass Phoenix 

Get SALT Encoding   

  12  0:00  Probe  
  13  0:13  Probe  
  14  0:16  Pylon  
  14  0:25  Probe  
  15  0:30  Assimilator  
  15  0:34  Assimilator  
  15  0:37  Probe (Chrono Boost)  
  16  0:46  Probe (Chrono Boost)  
  17  0:51  Probe  
  17  0:56  Gateway  
  18  1:03  Probe (Chrono Boost)  
  19  1:10  Pylon  
  19  1:16  Probe (Chrono Boost)  
  20  1:21  Probe (Chrono Boost)  
  21  1:32  Probe  
  22  1:43  Cybernetics Core  
  22  1:44  Probe  
  24  2:06  Nexus  
  23  2:19  Stargate  
  23  2:24  Stargate  
  23  2:29  Probe  
  24  2:42  Probe (Chrono Boost)  
  25  2:54  Probe (Chrono Boost)  
  25  2:55  Pylon  
  26  3:02  Probe (Chrono Boost), Phoenix  
  29  3:08  Phoenix  
  31  3:13  Probe (Chrono Boost)  
  31  3:19  Probe (Chrono Boost)  
  33  3:23  Pylon  
  33  3:25  Probe (Chrono Boost)  
  34  3:28  Phoenix, Probe (Chrono Boost)  
  34  3:31  Probe (Chrono Boost)  
  38  3:34  Probe  
  38  3:39  Phoenix  
  41  3:42  Probe  
  41  3:46  Probe  
  43  3:53  Phoenix  
  43  3:54  Probe  
  46  3:59  Probe  
  47  4:04  Phoenix  
  47  4:06  Probe  
  47  4:08  Assimilator  
  47  4:09  Assimilator  
  50  4:18  Phoenix  
  52  4:32  Probe x2  
  52  4:34  Phoenix  
  56  4:42  Pylon x2  
  56  4:44  Probe x2, Pylon  
  58  5:08  Nexus  
  58  5:10  Phoenix x2  
  58  5:12  Probe x2 (Chrono Boost)  
  64  5:18  Fleet Beacon  
  64  5:22  Probe x2 (Chrono Boost)  
  66  5:28  Pylon  
  66  5:35  Phoenix  
  68  5:37  Phoenix  
  68  5:41  Probe  
  68  5:42  Probe  
  72  5:53  Probe  
  72  5:54  Probe  
  74  6:00  Phoenix  
  76  6:05  Probe  
  76  6:06  Probe  
  78  6:15  Phoenix  
  78  6:17  Probe (Chrono Boost)  
  82  6:18  Probe (Chrono Boost)  
  82  6:21  Cybernetics Core, Probe (Chrono Boost)  
  82  6:25  Anion Pulse-Crystals (Chrono Boost)  
  83  6:26  Phoenix  
  83  6:27  Assimilator  
  83  6:28  Assimilator  
  83  6:31  Probe (Chrono Boost)  
  83  6:32  Protoss Air Weapons Level 1  
  86  6:33  Probe x2 (Chrono Boost)  
  86  6:36  Probe (Chrono Boost)  
  89  6:40  Phoenix  
  89  6:43  Twilight Council  
  89  6:44  Forge  
  89  6:46  Probe x3  
  94  6:50  Phoenix  
  96  6:58  Probe x2  
  98  7:08  Phoenix  
  98  7:09  Probe  
  98  7:10  Probe  
  98  7:11  Nexus  
  98  7:12  Protoss Shields Level 1  
  98  7:14  Pylon  
  98  7:15  Probe  
  103  7:21  Probe, Phoenix  
  103  7:22  Probe  
  107  7:27  Probe  
  108  7:30  Protoss Air Armor Level 1 (Chrono Boost)  
  108  7:33  Probe  
  108  7:34  Probe  
  108  7:35  Phoenix  
  112  7:39  Probe  
  113  7:46  Probe  
  113  7:49  Phoenix  
  116  7:56  Stargate  
  116  7:57  Probe  
  117  7:59  Unknown, Stargate x2  
  117  8:04  Probe x2, Pylon  
  117  8:05  Pylon  
  117  8:07  Pylon  
  117  8:09  Probe  
  116  8:13  Photon Cannon  
  116  8:16  Probe  
  117  8:22  Phoenix x2, Pylon  
  117  8:23  Pylon  
  121  8:50  Nexus, Phoenix x4  
  121  8:51  Phoenix  
  121  8:53  Unknown  
  131  8:55  Pylon  
  131  9:00  Probe  
Tags
 
Add a new tag
Caveats
  • Supply blocks, unpowered buildings, or Contaminate may cause inaccurate times.
  • Supply counts are checked every 10 seconds.